 Dungeon Crawl Stone Soup version 0.24.0-37-gcf1ca852f1 (webtiles) character file.

Game seed: 2697324931815170073, levelgen mode: deterministic

408 FishyPogo the Charmwright (level 6, -5/51 HPs)
             Began as a Gnoll Skald on Dec 8, 2019.
             Was a Believer of Fedhas.
             Killed from afar by an orc wizard (15 damage)
             ... with a puff of flame
             ... on level 4 of the Dungeon.
             The game lasted 00:12:44 (3005 turns).

FishyPogo the Charmwright (Gnoll Skald)             Turns: 3005, Time: 00:12:47

Health: -5/51      AC:  5    Str: 16    XL:     6   Next: 88%
Magic:  0/14       EV: 15    Int: 15    God:    Fedhas [**....]
Gold:   303        SH:  0    Dex: 20    Spells: 4/15 levels left

rFire    x . .     SeeInvis .   a - +0 short sword
rCold    + . .     Gourm    .   (no shield)
rNeg     . . .     Faith    .   b - +0 leather armour
rPois    .         Spirit   .   e - +2 hat
rElec    .         Reflect  .   j - scarf {cloud immunity}
rCorr    .         Harm     .   (no gloves)
MR       .....                  (no boots)
Stlth    ++........             (no amulet)
HPRegen  0.17/turn              f - +6 ring of dexterity
MPRegen  0.14/turn              i - ring of ice

@: shrouded, infused, singing
A: distributed training, fangs 1, strong nose
a: Wall of Briars, Renounce Religion


You were on level 4 of the Dungeon.
You worshipped Fedhas.
Fedhas was pleased with you.
You were very hungry.

You visited 1 branch of the dungeon, and saw 4 of its levels.

You collected 303 gold pieces.

Inventory:

Hand Weapons
 a - a +0 short sword (weapon)
 z - a +1 mace of holy wrath
Missiles
 h - 95 stones (quivered)
 x - 3 curare-tipped darts
 y - 3 boomerangs
Armour
 b - a +0 leather armour (worn)
 e - a +2 hat (worn)
 j - a scarf of cloud immunity (worn)
Jewellery
 f - a +6 ring of dexterity (left hand)
 i - a ring of ice (right hand)
 p - an uncursed ring of flight
 A - an uncursed ring of ice
Wands
 w - a wand of polymorph (8)
Scrolls
 g - 4 scrolls of teleportation {unknown}
 k - 7 scrolls of identify {unknown}
 q - a scroll of enchant weapon {unknown}
 s - a scroll of random uselessness {unknown}
 B - a scroll of remove curse {unknown}
 C - a scroll of fear {unknown}
Potions
 c - 3 potions of curing {unknown}
 l - a potion of haste {unknown}
 m - a potion of brilliance {unknown}
 n - a potion of lignification {unknown}
 o - a potion of ambrosia {unknown}
 r - 4 potions of heal wounds {unknown}
 t - a potion of might {unknown}
 u - a potion of flight {unknown}
Comestibles
 d - 8 rations
 v - 7 chunks of flesh


   Skills:
 + Level 5.0 Fighting
 + Level 5.0 Short Blades
 + Level 2.1 Long Blades
 + Level 2.1 Axes
 + Level 2.1 Maces & Flails
 + Level 2.1 Polearms
 + Level 2.1 Staves
 + Level 2.1 Slings
 + Level 2.1 Bows
 + Level 2.1 Crossbows
 + Level 2.1 Throwing
 + Level 3.3 Armour
 + Level 5.0 Dodging
 + Level 2.1 Stealth
 + Level 2.1 Shields
 + Level 2.1 Unarmed Combat
 + Level 5.4 Spellcasting
 + Level 1.6 Conjurations
 + Level 1.6 Hexes
 + Level 5.7 Charms
 + Level 1.6 Summonings
 + Level 1.6 Necromancy
 + Level 1.6 Translocations
 + Level 1.6 Transmutations
 + Level 1.6 Fire Magic
 + Level 1.6 Ice Magic
 + Level 1.6 Air Magic
 + Level 1.6 Earth Magic
 + Level 1.6 Poison Magic
 + Level 2.3 Invocations
 + Level 2.1 Evocations


You had 4 spell levels left.
You knew the following spells:

 Your Spells              Type           Power        Failure   Level  Hunger
h - Regeneration          Chrm/Necr      ###.......   12%         3    ###....
n - Spectral Weapon       Hex/Chrm       ###.....     12%         3    ###....
p - Shroud of Golubria    Chrm/Tloc      ###...       6%          2    #......
u - Song of Slaying       Chrm           ###.....     2%          2    #......
y - Infusion              Chrm           ###.         1%          1    None

Your spell library contained the following spells:

 Spells                   Type           Power        Failure   Level  Hunger


Dungeon Overview and Level Annotations

Branches:
Dungeon (4/15)
 Temple: D:4-7

Altars:
Fedhas
Hepliaklqana
Uskayaw
Wu Jian
Yredelemnul


Innate Abilities, Weirdness & Mutations

Your experience applies equally to all skills.
You have very sharp teeth.
Your uncanny sense of smell can sniff out nearby items.


Message History

The two-headed ogre hits you with a +0 giant spiked club!!
The two-headed ogre misses you.
You are feeling very hungry.
The two-headed ogre hits your spectral weapon with a +0 giant spiked club!!
Your spectral weapon shares its damage with you!
Your spectral weapon fades away.
* * * LOW HITPOINT WARNING * * *
Something barely misses you.
Items here: )) [ † a +0 club; a cursed +0 dagger; a +0 robe; an orc corpse You barely miss something.
Something hits you.
* * * LOW HITPOINT WARNING * * *
Casting: Song of Slaying (safe; 2% risk of failure)
Confirm with . or Enter, or press ? or * to list all spells.
Space distorts slightly along a thin shroud covering your body.
You hear a shout!
You hear some strange, mumbled words.
A puff of flame appears from out of thin air!
The puff of flame hits you! The fire burns you terribly!
You die...
Fedhas appreciates your contribution to the ecosystem.

### #.. # #.#
#.##.########
#...........#
o#######.######.#
#.....##O# #.#
#....)@.#
#.######
##.#.####
#......# ##.##
######.# #.{o#
#.# #§§☼# #.#
#°°°# #.# #○○○#
#.#
######...######
#.#
##.§§☼.....○§○÷##
#.#


You could see a two-headed ogre and an orc.

Vanquished Creatures
  An ogre (D:4)
  2 hounds (D:4)
  An orc priest (D:3)
  Ijyb (D:3)
  Terence (D:3)
  An orc wizard (D:4)
  A hound skeleton (D:4)
  4 adders
  An ooze (D:3)
  An adder skeleton (D:3)
  2 worms (D:2)
  2 dart slugs
  6 leopard geckos
  10 orcs
  A ball python (D:3)
  7 bats
  3 giant cockroaches
  7 goblins
  6 hobgoblins
  12 kobolds
  2 quokkas
  4 frilled lizards
  5 rats
81 creatures vanquished.

Vanquished Creatures (others)
  A worker ant (D:4)
  A ball python skeleton (D:4)
  2 spectral weapons (D:4)
4 creatures vanquished.

Grand Total: 85 creatures vanquished

Notes
Turn   | Place    | Note
-------+----------+-------------------------------------------
     0 | D:1      | FishyPogo the Gnoll Skald began the quest for the Orb.
     0 | D:1      | Reached XP level 1. HP: 20/20 MP: 6/6
   118 | D:1      | Reached XP level 2. HP: 25/26 MP: 7/7
   127 | D:1      | Learned a level 2 spell: Song of Slaying
   130 | D:1      | Learned a level 2 spell: Shroud of Golubria
   370 | D:1      | Reached XP level 3. HP: 31/31 MP: 9/9
   375 | D:1      | Learned a level 3 spell: Regeneration
   379 | D:1      | Learned a level 3 spell: Spectral Weapon
   494 | D:1      | Reached skill level 5 in Spellcasting
  1042 | D:2      | Reached skill level 1 in Invocations
  1111 | D:2      | Reached skill level 1 in Long Blades
  1111 | D:2      | Reached skill level 1 in Axes
  1111 | D:2      | Reached skill level 1 in Maces & Flails
  1111 | D:2      | Reached skill level 1 in Polearms
  1111 | D:2      | Reached skill level 1 in Staves
  1111 | D:2      | Reached skill level 1 in Slings
  1111 | D:2      | Reached skill level 1 in Bows
  1111 | D:2      | Reached skill level 1 in Crossbows
  1111 | D:2      | Reached skill level 1 in Throwing
  1111 | D:2      | Reached skill level 1 in Stealth
  1111 | D:2      | Reached skill level 1 in Shields
  1111 | D:2      | Reached skill level 1 in Unarmed Combat
  1111 | D:2      | Reached skill level 1 in Evocations
  1164 | D:2      | Reached XP level 4. HP: 38/38 MP: 11/11
  1238 | D:2      | Found a hide-covered altar of Uskayaw.
  1238 | D:2      | Noticed a +0 dagger
  1239 | D:2      | Noticed a -3 dagger
  1557 | D:2      | Found a faded altar of an unknown god.
  1561 | D:2      | Became a worshipper of Fedhas Madash
  1561 | D:2      | Reached * piety under Fedhas
  1728 | D:3      | Found an ornate altar of the Wu Jian Council.
  1729 | D:3      | Found a transporter.
  1738 | D:3      | Found a transporter.
  1754 | D:3      | Noticed Ijyb
  1767 | D:3      | Killed Ijyb
  1767 | D:3      | Reached skill level 1 in Conjurations
  1767 | D:3      | Reached skill level 1 in Hexes
  1767 | D:3      | Reached skill level 1 in Summonings
  1767 | D:3      | Reached skill level 1 in Necromancy
  1767 | D:3      | Reached skill level 1 in Translocations
  1767 | D:3      | Reached skill level 1 in Transmutations
  1767 | D:3      | Reached skill level 1 in Fire Magic
  1767 | D:3      | Reached skill level 1 in Ice Magic
  1767 | D:3      | Reached skill level 1 in Air Magic
  1767 | D:3      | Reached skill level 1 in Earth Magic
  1767 | D:3      | Reached skill level 1 in Poison Magic
  1965 | D:3      | Reached XP level 5. HP: 37/43 MP: 5/12
  2045 | D:3      | Reached ** piety under Fedhas
  2117 | D:3      | Noticed Terence
  2132 | D:3      | Killed Terence
  2697 | D:4      | Reached XP level 6. HP: 46/50 MP: 9/13
  2794 | D:4      | Found a basalt altar of Yredelemnul.
  2796 | D:4      | Found a hazy altar of Hepliaklqana.
  2841 | D:4      | Reached skill level 5 in Fighting
  2841 | D:4      | Reached skill level 5 in Short Blades
  2841 | D:4      | Reached skill level 5 in Dodging
  2998 | D:4      | Noticed a two-headed ogre
  3005 | D:4      | Killed from afar by an orc wizard

Levels and vault maps discovered:
D:1:      lemuel_arrival_funnel, layout_loops_cross, skrybe_limestone_x,
          minmay_pentomino_v4
D:2:      layout_loops_ring, dancing_weapons_uskayaw, serial_forest,
          infiniplex_forest_clump_long, infiniplex_forest_straight_2,
          infiniplex_forest_side_room, infiniplex_forest_lined_room_,
          infiniplex_forest_corner_1, infiniplex_forest_straight_5,
          infiniplex_forest_lined_room_3, infiniplex_forest_lined_room_2,
          infiniplex_forest_clump_diagonal, infiniplex_forest_corner_1,
          chequers_ecumenical_altar_simple, grunt_ministairs_13,
          kennysheep_generic_room_8
D:3:      cheibrodos_pilgrimage, layout_basic, gammafunk_temple_overflow_arena,
          uniq_ijyb, uniq_terence
D:4:      layout_loops_ring, tgw_trog, nicolae_overflow_hidden_temple,
          kennysheep_mini, minmay_strange_pillars, lemuel_flame_loot_1

Skill      XL: |  1  2  3  4  5  6 |
---------------+-------------------+-----
Spellcasting   | 5 |  5.4
Invocations    | 1 2 |  2.3
Long Blades    | 1 2 |  2.1
Axes           | 1 2 |  2.1
Maces & Flails | 1 2 |  2.1
Polearms       | 1 2 |  2.1
Staves         | 1 2 |  2.1
Slings         | 1 2 |  2.1
Bows           | 1 2 |  2.1
Crossbows      | 1 2 |  2.1
Throwing       | 1 2 |  2.1
Stealth        | 1 2 |  2.1
Shields        | 1 2 |  2.1
Unarmed Combat | 1 2 |  2.1
Evocations     | 1 2 |  2.1
Conjurations   | 1 |  1.6
Hexes          | 1 |  1.6
Summonings     | 1 |  1.6
Necromancy     | 1 |  1.6
Translocations | 1 |  1.6
Transmutations | 1 |  1.6
Fire Magic     | 1 |  1.6
Ice Magic      | 1 |  1.6
Air Magic      | 1 |  1.6
Earth Magic    | 1 |  1.6
Poison Magic   | 1 |  1.6
Armour         | 3 |  3.3
Fighting       | 5 |  5.0
Short Blades   | 5 |  5.0
Dodging        | 5 |  5.0
Charms         | |  5.7

Action                   |  1- 3 |  4- 6 || total
-------------------------+-------+-------++-------
Melee: Short sword       |    90 |   165 ||   255
       Bite              |    14 |    16 ||    30
       Punch             |       |     2 ||     2
Throw: Stone             |     2 |    54 ||    56
 Cast: Infusion          |     3 |     4 ||     7
       Song of Slaying   |     2 |     3 ||     5
       Shroud of Golubri |     1 |     7 ||     8
       Spectral Weapon   |     1 |     7 ||     8
       Regeneration      |       |     4 ||     4
 Stab: Sleeping          |     1 |     4 ||     5
       Distracted        |       |     2 ||     2
  Eat: Chunk             |     1 |     6 ||     7
Armor: Leather armour    |    20 |    14 ||    34
Dodge: Dodged            |    59 |   128 ||   187
